 Dungeon Crawl Stone Soup version 0.26.1-2-gb8aa6d0 (webtiles) character file.

Game seed: 9446885335734175414

21 Geeful the Sneak (level 2, -4/31 HPs)
             Began as an Octopode Delver on Mar 18, 2021.
             Slain by an iguana (6 damage)
             ... on level 3 of the Dungeon.
             The game lasted 00:03:01 (471 turns).

Geeful the Sneak (Octopode Delver)                   Turns: 471, Time: 00:03:01

Health: -4/31      AC: 21    Str: 11    XL:     2   Next: 87%
Magic:  2/2        EV:  2    Int: 12    God:
Gold:   33         SH:  0    Dex: 13    Spells: 1/1 levels left

rFire    . . .     SeeInvis .   a - +0 short sword
rCold    . . .     Faith    .   (no shield)
rNeg     + + +     Spirit   .   (helmet currently unavailable)
rPois    +         Reflect  .   (no amulet)
rElec    .         Harm     .   (no ring)
rCorr    .         Rampage  .   (no ring)
Will     .....     NoTele   +   (no ring)
Stlth    +++.......             (no ring)
HPRegen  0.10/turn              (no ring)
MPRegen  0.08/turn              (no ring)
                                (no ring)
                                (no ring)

@: tree-form
A: almost no armour, stealthy swim, (amphibious), 8 rings, (constrict 8)
a: no special abilities


You were on level 3 of the Dungeon.
You were a tree.
You visited 1 branch of the dungeon, and saw 5 of its levels.

You collected 33 gold pieces.

Inventory:

Hand Weapons
 a - a +0 short sword (weapon)
Wands
 f - a wand of digging (3)
Scrolls
 b - a scroll of fog
 c - 3 scrolls of magic mapping
 g - a scroll of identify {unknown}
Potions
 e - a potion of haste


   Skills:
 + Level 3.3 Fighting
 - Level 2.0 Short Blades
 + Level 2.4 Dodging
 + Level 7.0 Stealth


You had one spell level left.
You didn't know any spells.
Your spell library was empty.

Dungeon Overview and Level Annotations

Branches:
Dungeon (7/15)
 Temple: D:4-7

Altars:

Annotations:
D:5 Sigmund


Innate Abilities, Weirdness & Mutations

You cannot wear most types of armour.
You are very stealthy in the water. (Stealth+)
((You are amphibious.))
You can wear up to eight rings at the same time.
((You can use your tentacles to constrict eight enemies at once.))
((Your skin changes colour to match your surroundings (Stealth+).))
((Your rubbery body absorbs attacks. (AC +1, EV +1)))


Message History

There is a stone staircase leading up here.
The iguana closely misses you.
You climb upwards.
An adder comes into view.
Found a robe.
There is a stone staircase leading down here.
You barely miss the iguana. Your grab misses the iguana. The iguana bites you!
* * * LOW HITPOINT WARNING * * *
You barely miss the iguana. You grab the iguana. You constrict the iguana.
The iguana completely misses you.
You hit the iguana.
The iguana is lightly wounded.
You constrict the iguana. The iguana closely misses you.
It was a potion of lignification.
You turn into a tree.
Your roots penetrate the ground.
You lose your grip on the iguana.
The iguana bites you but does no damage.
You barely miss the iguana.
The iguana is lightly wounded.
The iguana bites you.
You die...

S# .. .# #.#
..# ..#
##########..#
.......♣l>..#
###.#####...#
#.[.# #..##
#..# #..#
#..# #..#


You could see an iguana.

Vanquished Creatures
  An adder (D:4)
  An adder zombie (D:5)
  A leopard gecko (D:6)
  A giant cockroach (D:5)
  A goblin (D:3)
  2 quokkas
  A ball python (D:3)
  A frilled lizard (D:5)
9 creatures vanquished.

Vanquished Creatures (others)
  12 toadstools (D:4)
12 creatures vanquished.

Grand Total: 21 creatures vanquished

Notes
Turn   | Place    | Note
-------+----------+-------------------------------------------
     0 | D:5      | Geeful the Octopode Delver began the quest for the Orb.
     0 | D:5      | Reached XP level 1. HP: 16/16 MP: 1/1
    41 | D:7      | Noticed an orc priest
   122 | D:6      | Noticed an ogre
   224 | D:5      | Noticed Sigmund
   318 | D:5      | Noticed an iguana
   324 | D:5      | Reached XP level 2. HP: 21/21 MP: 2/2
   331 | D:5      | Noticed a phantom
   358 | D:4      | Reached skill level 7 in Stealth
   467 | D:3      | HP: 1/21 [iguana (8)]
   471 | D:3      | Slain by an iguana

Illustrated notes

Levels and vault maps discovered:
D:3:      layout_loops_ring, marbit_many_paths, okawaru_altar_gauntlet_db
D:4:      cheibrodos_fertilizer, layout_loops_ring,
          grunt_temple_overflow_holy_war
D:5:      layout_basic, lemuel_round_altar, serial_bayou, serial_bayou_shore_b,
          serial_bayou_pond_d, serial_bayou_pond_c, serial_bayou_lake_a,
          enter_ossuary_2, uniq_menkaure, uniq_duvessa, uniq_sigmund
D:6:      layout_basic, basic_altar
D:7:      layout_rooms, minmay_temple_entry_proselytizer

Skill      XL: |  1  2 |
---------------+-------+-----
Stealth        | 7 |  7.0
Fighting       | |  3.3
Short Blades   | |  2.0
Dodging        | |  2.4

Action                   || total
-------------------------++-------
Melee: Short sword       ||    22
       Constrict         ||     5
       Tentacles         ||     1
  Use: Scroll            ||     1
       Potion            ||     1
 Stab: Sleeping          ||     5
Armor: Skin              ||     2
Dodge: Dodged            ||    10
